 Dungeon Crawl Stone Soup version 0.28-a0-1396-gdcb3f3653b (webtiles) character file.

Game seed: 14503957480371265131

7101 domsik the Geomancer (level 11, -6/75 HPs)
             Began as an Octopode Earth Elementalist on Jan 5, 2022.
             Was an Initiate of Vehumet.
             Mangled by a troll (10 damage)
             ... on level 8 of the Dungeon.
             The game lasted 00:21:11 (11793 turns).

domsik the Geomancer (Octopode Earth Elementalist) Turns: 11793, Time: 00:21:12

Health: -6/75      AC:  3    Str: 20    XL:     11   Next: 10%
Magic:  0/23       EV: 13    Int: 22    God:    Vehumet [......]
Gold:   492        SH:  0    Dex: 12    Spells: 22/26 levels left

rFire   . . .      SeeInvis .   B - +5 dagger (drain)
rCold   . . .      Faith    .   (no shield)
rNeg    . . .      Spirit   .   j - +2 hat
rPois   .          Reflect  .   (no amulet)
rElec   .          Harm     .   h - +6 ring of strength
rCorr   +          Rampage  .   k - +6 ring of strength
Will    +....                   w - ring of willpower
Stlth   ++++......              J - ring of resist corrosion
HPRegen 0.22/turn               (no ring)
MPRegen 0.18/turn               (no ring)
                                (no ring)
                                (no ring)

@: no status effects
A: almost no armour, amphibious, 8 rings, camouflage 1, gelatinous body 1,
(nimble swimmer 1), tentacles
a: Renounce Religion


You were on level 8 of the Dungeon.
You worshipped Vehumet.
Vehumet was noncommittal.
You visited 2 branches of the dungeon, and saw 11 of its levels.
You also visited: Sewer and Ossuary.

You collected 492 gold pieces.

Inventory:

Hand Weapons
 n - a +4 quarterstaff of chaos
 B - a +5 dagger of draining (weapon)
Missiles
 b - 63 stones
 p - 31 poisoned darts
 t - 5 atropa-tipped darts
Armour
 g - an orb of energy
 j - a +2 hat (worn)
Magical Staves
 a - a staff of poison
Jewellery
 h - a +6 ring of strength (left tentacle)
 k - a +6 ring of strength (right tentacle)
 w - a ring of willpower (on tentacle)
 J - a ring of resist corrosion (on tentacle)
 M - a +6 ring of dexterity
Wands
 q - a wand of flame (25)
 y - a wand of polymorph (11)
 A - a wand of paralysis (12)
 D - a wand of mindburst (27)
Scrolls
 d - 6 scrolls of teleportation {unknown}
 f - 5 scrolls of fog {unknown}
 l - 2 scrolls of noise {unknown}
 o - a scroll of acquirement {unknown}
 r - 2 scrolls of summoning
 x - 2 scrolls of holy word {unknown}
 C - 2 scrolls of fear {unknown}
 E - 3 scrolls of amnesia {unknown}
 F - a scroll of silence {unknown}
 G - a scroll of enchant weapon {unknown}
 H - a scroll of blinking {unknown}
 N - 2 scrolls of identify
 P - a scroll of magic mapping {unknown}
Potions
 c - 5 potions of flight
 e - a potion of brilliance
 i - a potion of magic
 m - a potion of mutation
 s - a potion of resistance
 u - 3 potions of invisibility
 v - 3 potions of curing
 z - 3 potions of might {unknown}
 I - a potion of haste {unknown}
 K - a potion of heal wounds
 L - 2 potions of attraction {unknown}
 O - a potion of berserk rage {unknown}


   Skills:
 + Level 7.0 Fighting
 - Level 2.0 Dodging
 - Level 5.0 Stealth
 + Level 8.2 Spellcasting
 + Level 8.5 Conjurations
 - Level 1.0 Transmutations
 + Level 9.2 Earth Magic


You had 22 spell levels left.
You knew the following spells:

 Your Spells              Type           Power      Damage    Failure   Level
a - Sandblast             Erth           98%        2d20      1%          1
b - Stone Arrow           Conj/Erth      96%        3d13      1%          3

Your spell library contained the following spells:

 Spells                   Type           Power      Damage    Failure   Level
 Magic Dart               Conj           100%       1d8       1%          1
 Passwall                 Tmut/Erth      25%        N/A       1%          2
 Mephitic Cloud           Conj/Pois/Air  21%        N/A       7%          3
 Animate Skeleton         Necr           18%        N/A       8%          1
 Apportation              Tloc           18%        N/A       8%          1
 Summon Small Mammal      Summ           36%        N/A       8%          1
 Petrify                  Tmut/Erth      31%        N/A       9%          4
 Call Imp                 Summ           9%         N/A       11%         2
 Ensorcelled Hibernation  Hex/Ice        18%        N/A       11%         2
 Spider Form              Tmut/Pois      11%        N/A       19%         3
 Animate Dead             Necr           4%         N/A       58%         4
 Haunt                    Necr/Summ      4%         N/A       100%        7
 Infestation              Necr           4%         N/A       100%        8


Dungeon Overview and Level Annotations

Branches:
Dungeon (10/15)            Temple (1/1) D:7            Lair (0/6) D:8
  Sewer (visited)         Ossuary (visited)
    Orc: D:9-12

Altars:
Ashenzari
Cheibriados
Dithmenos
Elyvilon
Fedhas
Gozag
Hepliaklqana
Kikubaaqudgha
Makhleb
Nemelex Xobeh
Okawaru
Qazlal
Ru
Sif Muna
Trog
Uskayaw
Vehumet
Wu Jian
Xom
Yredelemnul
Zin
The Shining One

Shops:
D:8 *

Annotations:
D:8 exclusions: cyclops and kobold demonologist
D:9 Erolcha


Innate Abilities, Weirdness & Mutations

You cannot wear most types of armour.
You are amphibious.
You can wear up to eight rings at the same time.
Your skin changes colour to match your surroundings (Stealth+).
Your rubbery body absorbs attacks. (AC +1, EV +1)
((You are camouflaged when in or above water. (Stealth+)))
You have tentacles for arms and can constrict up to eight enemies at once.


Message History

Confirm with . or Enter, or press ? or * to list all spells.
Aiming: Stone Arrow (safe; 1% risk of failure)
Press: ? - help, Shift-Dir - straight line, f/p - yak
Aim: a yak (moderately wounded, 85% to hit)
The stone arrow hits the yak!!
The yak is almost dead.
The yak misses you.
A troll comes into view.
The troll shouts!
The troll closely misses you. The troll misses you.
The troll barely misses you.
There is a stone staircase leading up here.
The troll bites you. The troll claws you!
* * * LOW HITPOINT WARNING * * *
The troll claws you.
* * * LOW HITPOINT WARNING * * *
You climb upwards.
Level annotation: exclusions: cyclops and kobold demonologist
There is a stone staircase leading down here.
Casting: Stone Arrow (safe; 1% risk of failure)
Confirm with . or Enter, or press ? or * to list all spells.
Aiming: Stone Arrow (safe; 1% risk of failure)
Press: ? - help, Shift-Dir - straight line, f - troll
Aim: a troll (76% to hit)
The stone arrow hits the troll!
The troll is moderately wounded.
The troll barely misses you. The troll claws you.
* * * LOW HITPOINT WARNING * * *
The troll misses you.
Casting: Stone Arrow (safe; 1% risk of failure)
Confirm with . or Enter, or press ? or * to list all spells.
Aiming: Stone Arrow (safe; 1% risk of failure)
Press: ? - help, Shift-Dir - straight line, f/p - troll
Aim: a troll (moderately wounded, 76% to hit)
The stone arrow hits the troll!!
The troll is almost dead.
The troll bites you!
* * * LOW HITPOINT WARNING * * *
The troll claws you!
You die...

...#.#.# #.≈≈...≈≈.#
.....#.# #.≈≈._.≈≈.#
.....#.# #.≈≈...≈≈.#
.....#.#######.≈.≈≈≈.≈.#
.....#.......#.≈.....≈.#
.....#########..≈≈≈≈≈..##
.....# #.#########.#
.....########..#.# ##.#
.....#.........T@# #..#
...#...........### #.##
######.###############.#####
...........................#
######.##################.##
........## #.# #####...>#
#.# #....# #.# #....# #.#


You could see a troll.

Vanquished Creatures
  A two-headed ogre (D:9)
  The ghost of Peloso the Slasher, a novice MiFi of Okawaru (D:6)
  5 slime creatures
  A hornet (D:7)
  2 wyverns
  10 yaks
  A steam dragon (D:7)
  Menkaure (D:4)
  An acid dragon (D:8)
  Pargi (Sewer)
  An ice beast (D:5)
  A sky beast (D:6)
  An ogre (D:5)
  2 centaurs
  An elf zombie (Ossuary)
  A phantom (D:6)
  2 wyvern zombies
  4 bullfrogs
  A gnoll sergeant (D:5)
  4 scorpions
  A wyvern skeleton (D:6)
  A water moccasin skeleton (D:7)
  10 wights
  2 howler monkeys
  5 centaur zombies
  A bullfrog skeleton (D:6)
  A jelly (D:6)
  4 hounds
  A human zombie (Ossuary)
  Crazy Yiuf (D:6)
  A centaur skeleton (D:6)
  An orc priest (D:3)
  2 iguanas
  Ijyb (D:3)
  Jessica (D:2)
  2 orc wizards
  A hound skeleton (D:4)
  2 mummies (Ossuary)
  7 gnolls (D:5)
  A howler monkey skeleton (D:7)
  11 adders
  2 shadow imps
  An adder zombie (Ossuary)
  An adder skeleton (D:4)
  2 worms
  A dart slug (D:2)
  18 orcs
  8 endoplasms
  3 giant cockroaches
  8 goblins
  5 hobgoblins
  11 kobolds
  A quokka (D:2)
  7 ball pythons
  4 bats
  3 frilled lizards
  10 hobgoblin zombies (Ossuary)
  2 jackal zombies (Ossuary)
  11 kobold zombies (Ossuary)
  7 orc zombies (Ossuary)
  4 rats
  2 rat zombies (Ossuary)
210 creatures vanquished.

Vanquished Creatures (others)
  A fungus (D:6)
  2 withered plants (D:6)
3 creatures vanquished.

Grand Total: 213 creatures vanquished

Notes
Turn   | Place    | Note
-------+----------+-------------------------------------------
     0 | D:1      | domsik the Octopode Earth Elementalist began the quest for
                  | the Orb.
     0 | D:1      | Reached XP level 1. HP: 11/11 MP: 3/3
   144 | D:1      | Found a faded altar of an unknown god.
   181 | D:1      | Reached XP level 2. HP: 17/17 MP: 1/5
   818 | D:2      | Reached XP level 3. HP: 21/21 MP: 4/6
   822 | D:2      | Learned a level 3 spell: Stone Arrow
  1124 | D:2      | Noticed Jessica
  1130 | D:2      | Killed Jessica
  1131 | D:2      | Reached XP level 4. HP: 25/27 MP: 4/8
  1224 | D:2      | Reached skill level 1 in Conjurations
  1643 | D:4      | Found a glowing drain.
  1664 | Sewer    | Entered a sewer
  1670 | Sewer    | Reached XP level 5. HP: 31/31 MP: 9/9
  1722 | Sewer    | Noticed Pargi
  1726 | Sewer    | Killed Pargi
  1727 | Sewer    | Reached skill level 5 in Stealth
  1727 | Sewer    | Reached skill level 4 in Earth Magic
  1727 | Sewer    | Reached XP level 6. HP: 36/36 MP: 5/11
  2295 | D:4      | Noticed Menkaure
  2302 | D:4      | Killed Menkaure
  2764 | D:4      | Reached XP level 7. HP: 35/41 MP: 12/12
  3011 | D:5      | Entered Level 5 of the Dungeon
  3043 | D:5      | Reached skill level 5 in Earth Magic
  4293 | D:5      | Reached XP level 8. HP: 46/46 MP: 8/15
  4571 | D:5      | Found an ornate altar of the Wu Jian Council.
  4610 | D:4      | Reached skill level 5 in Spellcasting
  4935 | D:5      | Reached skill level 1 in Fighting
  5211 | D:3      | Noticed Ijyb
  5213 | D:3      | Killed Ijyb
  5403 | D:3      | Reached skill level 6 in Earth Magic
  5950 | D:6      | Reached skill level 5 in Conjurations
  6464 | D:6      | Reached XP level 9. HP: 38/55 MP: 0/17
  6712 | D:6      | Found a shimmering blue altar of Sif Muna.
  6716 | D:6      | Found a glowing golden altar of the Shining One.
  7027 | D:6      | Found a runed translucent door.
  7036 | D:6      | Noticed Peloso's ghost (novice MiFi)
  7248 | D:6      | HP: 1/57 [Peloso's ghost (5)]
  7251 | D:6      | Killed Peloso's ghost
  7252 | D:6      | Reached skill level 7 in Earth Magic
  7574 | D:6      | Found a runed translucent door.
  7575 | D:6      | Noticed Crazy Yiuf
  7582 | D:6      | Killed Crazy Yiuf
  7665 | D:7      | Found a sand-covered staircase.
  7689 | Ossuary  | Entered an ossuary
  8750 | D:7      | Reached skill level 5 in Fighting
  8750 | D:7      | Reached XP level 10. HP: 35/66 MP: 2/20
  8919 | D:7      | Reached skill level 8 in Earth Magic
  9663 | D:7      | Found a staircase to the Ecumenical Temple.
  9678 | Temple   | Entered the Ecumenical Temple
  9872 | Temple   | Became a worshipper of Vehumet
 10116 | D:8      | Noticed a kobold demonologist
 10361 | D:8      | Found a staircase to the Lair.
 10751 | D:8      | Found a stormy altar of Qazlal.
 10941 | D:8      | Noticed a cyclops
 10987 | D:8      | You fall into a shaft and drop 2 floors!
 10987 | D:10     | Entered Level 10 of the Dungeon
 11008 | D:9      | Noticed a two-headed ogre
 11012 | D:9      | Killed a two-headed ogre
 11113 | D:9      | Noticed Erolcha
 11150 | D:9      | Reached skill level 9 in Earth Magic
 11163 | D:9      | Reached XP level 11. HP: 71/74 MP: 3/23
 11482 | D:8      | Found Cawy's Overcharged Wands.
 11793 | D:8      | Mangled by a troll

Illustrated notes

Levels and vault maps discovered:
D:1:      ncdulo_smallfort, layout_rooms,
          hellmonk_ecumenical_altar_pennies_from_heaven, minmay_small_reverse_x
D:2:      layout_rooms, uniq_jessica
D:3:      layout_basic, uniq_ijyb
D:4:      layout_basic, gup_sewer_entry_glass, minmay_door_square, uniq_menkaure
D:5:      layout_cave_pools, overflow_temple_1_default, grunt_ministairs_15
D:6:      minmay_diamond_boxcup, layout_basic, nicolae_overflow_hidden_temple,
          gammafunk_ghost_grave, hangedman_glass_teeth, uniq_crazy_yiuf_cottage
D:7:      layout_loops_ring, minmay_temple_entry_nine_rooms,
          nicolae_ossuary_entry_ruins
D:8:      minmay_the_grid_four_pointed_star [minmay_the_grid_triangle_9x9_empty,
          minmay_the_grid_triangle_9x9_pentomino_pain,
          minmay_the_grid_triangle_9x9_minimal,
          minmay_the_grid_triangle_9x9_warning,
          minmay_the_grid_prize_diamond_cup], layout_basic,
          mainiacjoe_overflow_paths, lair_entry_dummy, serial_glass,
          glass_columns_c, glass_columns_a, nicolae_shop_overcharged_wands
D:9:      layout_basic, lightli_corner_chamber, uniq_erolcha
D:10:     layout_irregular_city, nicolae_trove_entry_crystal, minivault_4,
          uniq_psyche, uniq_nergalle
Temple:   mainiacjoe_temple_coin_purse

Skill      XL: |  1  2  3  4  5  6  7  8  9 10 11 |
---------------+----------------------------------+-----
Stealth        | 3 4 5 |  5.0
Conjurations   | 1 2 3 4 5 7 8 |  8.5
Spellcasting   | 3 4 5 7 8 |  8.2
Earth Magic    | 4 5 6 7 9 |  9.2
Fighting       | 2 5 6 7 |  7.0
Dodging        | |  2.0
Transmutations | |  1.0

Action                   |  1- 3 |  4- 6 |  7- 9 | 10-12 || total
-------------------------+-------+-------+-------+-------++-------
Melee: Constrict         |     7 |     5 |    35 |     2 ||    49
       Unarmed           |     1 |       |       |       ||     1
       Whip              |    26 |     2 |       |       ||    28
       Tentacles         |     3 |     5 |    33 |     6 ||    47
       Dagger            |       |    36 |   126 |    32 ||   194
 Cast: Sandblast         |    33 |    13 |    74 |    28 ||   148
       Stone Arrow       |       |       |    70 |    54 ||   124
Evoke: Wand              |       |       |     1 |       ||     1
  Use: Scroll            |       |       |     8 |       ||     8
       Potion            |       |       |     3 |     1 ||     4
 Stab: Sleeping          |     6 |    13 |    15 |     5 ||    39
Armor: Skin              |     5 |     9 |    25 |     5 ||    44
Dodge: Dodged            |    25 |    26 |    71 |    44 ||   166

Table legend: (Time is in decaauts)
 A = Elapsed time spent in this place.
 B = Non-inter-level travel time spent in this place.
 C = Inter-level travel time spent in this place.
 D = Time resting spent in this place.
 E = Time spent auto-exploring this place.
 F = Levels seen in this place.
 G = Mean time per level.
                   A        B        C        D        E       F      G
               +--------+--------+--------+--------+--------+-----+--------+
         Total |  11800 |  11046 |    754 |      0 |   9346 |  13 |  907.7 |
       Dungeon |  11033 |  10307 |    726 |      0 |   8808 |  10 | 1103.3 |
        Temple |    204 |    176 |     28 |      0 |    162 |   1 |  204.0 |
         Sewer |    177 |    177 |      0 |      0 |    132 |   1 |  177.0 |
       Ossuary |    384 |    384 |      0 |      0 |    244 |   1 |  384.0 |
               +--------+--------+--------+--------+--------+-----+--------+

Top non-repeatable levels by time:
     D:4: 2384 daAuts
     D:6: 2091 daAuts
     D:7: 1471 daAuts
     D:8: 1425 daAuts
     D:5: 1053 daAuts
     D:1: 789 daAuts
     D:2: 760 daAuts
     D:3: 627 daAuts
     D:9: 422 daAuts
 Ossuary: 384 daAuts
  Temple: 204 daAuts
   Sewer: 177 daAuts
    D:10: 6 daAuts
